 Dungeon Crawl Stone Soup version 0.29.1-1-gd02db6906a (webtiles) character file.

Game seed: 1865572747547654856

92 Kaiern the Shooter (level 4, -2/26 HPs)
             Began as a Deep Elf Hunter on Oct 17, 2022.
             Slain by a gnoll
             ... wielding a +0 flail
              (11 damage)
             ... on level 3 of the Dungeon.
             The game lasted 00:05:46 (2782 turns).

Kaiern the Shooter (Deep Elf Hunter)                Turns: 2782, Time: 00:05:48

Health: -2/26      AC:  5    Str:  8    XL:     4   Next: 35%
Magic:  6/6        EV: 13    Int: 14    God:
Gold:   84         SH:  0    Dex: 20    Spells: 3/3 levels left

rFire   . . .      SeeInvis .   a - +0 shortbow
rCold   . . .      Faith    .   (shield currently unavailable)
rNeg    + . .      Spirit   .   m - +1 leather armour {rN+}
rPois   .          Reflect  .   d - +0 helmet
rElec   .          Harm     .   (no cloak)
rCorr   .          Rampage  .   (no gloves)
Will    .....                   (no boots)
Stlth   ++........              (no amulet)
HPRegen 0.08/turn               (no ring)
MPRegen 0.10/turn               (no ring)

@: no status effects
A: no striking features
a: no special abilities


You were on level 3 of the Dungeon.
You visited 1 branch of the dungeon, and saw 4 of its levels.

You collected 84 gold pieces.

Inventory:

Hand Weapons
 a - a +0 shortbow (weapon)
Armour
 d - a +0 helmet (worn)
 m - a +1 leather armour of positive energy (worn)
Jewellery
 n - the ring "Gupauq" {Fly Str+7 Dex-2 Stlth+}
   (You found it on level 3 of the Dungeon)

   [ring of flight]

   Str:       It affects your strength (+7).
   Dex:       It affects your dexterity (-2).
   Fly:       It grants you flight.
   Stlth:     It makes you more stealthy.
Scrolls
 b - 2 scrolls of immolation
 c - a scroll of enchant weapon {unknown}
 g - 5 scrolls of identify {unknown}
 h - a scroll of teleportation {unknown}
 k - a scroll of fear {unknown}
 l - a scroll of poison {unknown}
 o - a scroll of enchant armour {unknown}
 p - a scroll of blinking {unknown}
Potions
 e - a potion of attraction {unknown}
 f - a potion of cancellation {unknown}
 i - a potion of mutation {unknown}
 j - 3 potions of curing {unknown}
 q - a potion of lignification {unknown}


   Skills:
 + Level 2.2 Fighting
 + Level 6.0 Ranged Weapons
 + Level 3.5 Dodging
 + Level 3.0 Stealth


You had 3 spell levels left.
You didn't know any spells.
Your spell library contained the following spells:

 Spells                   Type           Power      Damage    Failure   Level
 Necrotise                Necr           0%         1d4       38%         1
 Ensorcelled Hibernation  Hex/Ice        0%         N/A       54%         2
 Passwall                 Tmut/Erth      0%         N/A       54%         2
 Gell's Gravitas          Tloc           0%         N/A       77%         3
 Swiftness                Air            0%         N/A       77%         3
 Teleport Other           Tloc           0%         N/A       77%         3
 Vampiric Draining        Necr           0%         2d6       77%         3
 Leda's Liquefaction      Hex/Erth       0%         N/A       99%         4
 Agony                    Necr           0%         N/A       100%        5
 Lee's Rapid Deconstruct  Erth           0%         3d5*      100%        5
 Dispersal                Tloc           0%         N/A       100%        6
 Statue Form              Tmut/Erth      0%         N/A       100%        6


Dungeon Overview and Level Annotations

Branches:
Dungeon (4/15)
 Temple: D:4-7

Altars:
Uskayaw


Message History

The frilled lizard moves out of view.
The frilled lizard hisses angrily.
A frilled lizard is nearby!
You shoot an arrow. The arrow hits the frilled lizard!
You kill the frilled lizard!
q - a sapphire potion A ball python comes into view.
The ball python hisses angrily.
You shoot an arrow.
The arrow closely misses the ball python.
You shoot an arrow. The arrow hits the ball python.
The ball python is severely wounded.
You shoot an arrow.
The arrow barely misses the ball python.
The ball python closely misses you. The ball python barely misses you.
The ball python misses you. The ball python closely misses you.
You shoot an arrow. The arrow hits the ball python.
You kill the ball python!
You open the door.
There is an open door here.
Done exploring.
Search for what [Enter for "."]? .
There is a stone staircase leading down here.
You climb downwards.
The gnoll shouts! x3
The endoplasm quivers.
You hear a shout!
The adder hisses angrily.
Found 9 gold pieces, a leather armour and 6 curare-tipped darts.
There is a stone staircase leading up here.
The gnoll hits you with a +0 spear! The gnoll hits you with a +0 flail!
The gnoll completely misses you.
You climb upwards.
There is a stone staircase leading down here.
You are too injured to fight recklessly!
Fire: a) +0 shortbow
Press: ? - help, Q - select action Shift-Dir - straight line, f - gnoll
Aim: a gnoll, wielding a +0 flail (69% to hit)
You shoot an arrow. The arrow closely misses the gnoll.
The gnoll hits you with a +0 flail!
You die...

#.#####............#.#
#..........#####...#.######
#########..#.......#.......
#..........#.###..#####....
#.#####....#.#........#.###
#..........#.#.######.#.#
####.........#....#####.#.###
#...........g###.##.....#....
#...........@.......#####....
#............g..........'....
#............#####......####.
##.#######...................
#.# #................... #.#
#................... #.#
#.....รท...######..##
######.##
#.........##........
.......###
#......#####.#######


You could see 2 gnolls.

Vanquished Creatures
  An adder (D:3)
  3 worms (D:2)
  4 orcs (D:3)
  6 ball pythons
  8 bats
  An endoplasm (D:2)
  3 giant cockroaches
  7 goblins
  10 hobgoblins
  2 jackals (D:3)
  4 quokkas
  5 frilled lizards
  4 kobolds
  5 rats
63 creatures vanquished.

Notes
Turn   | Place    | Note
-------+----------+-------------------------------------------
     0 | D:1      | Kaiern the Deep Elf Hunter began the quest for the Orb.
     0 | D:1      | Reached XP level 1. HP: 12/12 MP: 3/3
   200 | D:1      | Reached XP level 2. HP: 17/17 MP: 4/4
   694 | D:2      | Reached XP level 3. HP: 21/21 MP: 5/5
  1820 | D:3      | Found a hide-covered altar of Uskayaw.
  1910 | D:3      | Identified the ring "Gupauq" {Fly Str+7 Dex-2 Stlth+}
  1935 | D:3      | Reached XP level 4. HP: 26/26 MP: 6/6
  1937 | D:3      | Reached skill level 6 in Ranged Weapons
  2782 | D:3      | Slain by a gnoll

Illustrated notes

Levels and vault maps discovered:
D:1:      grunt_arrival_crossed_arrows, layout_basic
D:2:      layout_basic, serial_rivers, chequers_serial_rivers_marsh,
          chequers_serial_rivers_small_3, chequers_serial_rivers_micro_d,
          chequers_serial_rivers_micro_a, chequers_serial_rivers_small_b,
          kennysheep_flooded_box, st_stairs_12, minmay_tall_x
D:3:      layout_basic, mainiacjoe_overflow_small_starburst,
          serial_co_window_serial, co_window_corner_a,
          co_window_of_opportunity_a, co_window_paths_b, co_window_paths_a,
          co_window_paths_b, co_window_corner_b, co_window_of_opportunity_b,
          co_window_2corner, co_window_paths_c, co_window_broadway_b,
          co_window_2corner, co_window_paths_c, glass_columns_c,
          glass_columns_a, glass_columns_a, glass_columns_b, glass_columns_c,
          hangedman_decor_growths
D:4:      layout_cave_pools, nicolae_overflow_hidden_temple, serial_shops, shop,
          minmay_close_crescents

Skill      XL: |  1  2  3  4 |
---------------+-------------+-----
Stealth        | 2 3 |  3.0
Dodging        | 3 |  3.5
Fighting       | 2 |  2.2
Ranged Weapons | 6 |  6.0

Action                   |  1- 3 |  4- 6 || total
-------------------------+-------+-------++-------
 Fire: Shortbow          |   107 |    31 ||   138
Armor: Leather armour    |     3 |     1 ||     4
Dodge: Dodged            |    16 |    16 ||    32
